 Dungeon Crawl Stone Soup version 0.30-a0-778-g2ef04afb54 (webtiles) character file.

Game seed: 6507199116573730106

89 cforsyth the Caller (level 4, -2/24 HPs)
             Began as a Tengu Summoner on Feb 15, 2023.
             Engulfed by their own flame (26 damage)
             ... on level 2 of the Dungeon on Feb 16, 2023.
             The game lasted 00:03:58 (1392 turns).

cforsyth the Caller (Tengu Summoner)                Turns: 1392, Time: 00:03:59

Health: -2/24      AC:  3    Str:  8    XL:     4   Next: 55%
Magic:  8/10       EV: 12    Int: 18    God:
Gold:   163        SH:  0    Dex: 14    Spells: 0/9 levels left

rFire   . . .      SeeInvis .    (no weapon)
rCold   . . .      Faith    .    (no shield)
rNeg    . . .      Spirit   .    a - +0 robe
rPois   .          Reflect  .    (helmet restricted)
rElec   .          Harm     .    j - +0 cloak
rCorr   .          Rampage  .    (no gloves)
Will    .....                    (boots unavailable)
Stlth   ++                       (no amulet)
HPRegen 0.24/turn                (no ring)
MPRegen 0.12/turn                (no ring)

@: no status effects
A: beak, talons 3
a: no special abilities


You were on level 2 of the Dungeon.
You visited 1 branch of the dungeon, and saw 2 of its levels.

You collected 163 gold pieces.

Inventory:

Armour
 a - a +0 robe (worn)
 j - a +0 cloak (worn)
Scrolls
 c - 2 scrolls of teleportation {unknown}
 d - 2 scrolls of identify {unknown}
 e - a scroll of immolation {unknown}
 f - a scroll of noise {unknown}
 g - a scroll of brand weapon {unknown}
Potions
 b - a potion of magic
 h - a potion of haste {unknown}
 i - a potion of resistance {unknown}


   Skills:
 - Level 2.1 Dodging
 - Level 2.0 Stealth
 + Level 3.3 Spellcasting
 + Level 6.0 Summonings


You couldn't memorise any spells.
You knew the following spells:

 Your Spells              Type           Power      Damage    Failure   Level
a - Summon Small Mammal   Summ           96%        N/A       1%          1
b - Call Imp              Summ           24%        N/A       1%          2
c - Call Canine Familiar  Summ           24%        N/A       4%          3
d - Summon Guardian Gole  Hex/Summ       13%        N/A       14%         3

Your spell library contained the following spells:

 Spells                   Type           Power      Damage    Failure   Level
 Summon Lightning Spire   Summ/Air       13%        N/A       41%         4
 Ozocubu's Armour         Ice            3%         N/A       43%         3
 Metabolic Englaciation   Hex/Ice        1%         N/A       99%         5
 Simulacrum               Ice/Necr       1%         N/A       100%        6


Dungeon Overview and Level Annotations

Branches:
Dungeon (2/15)

Altars:


Innate Abilities, Weirdness & Mutations

You have a beak for a mouth.
You have claws for feet.


Message History

A guardian golem appears, shielding your allies.
Your hound closely misses Crazy Yiuf.
Crazy Yiuf misses your hound.
Your hound barely misses Crazy Yiuf.
Your hound bites Crazy Yiuf but does no damage.
Crazy Yiuf barely misses your hound.
Your hound bites Crazy Yiuf but does no damage.
Crazy Yiuf hits your hound with a +2 quarterstaff of chaos.
Crazy Yiuf burns your hound.
Your hound bites Crazy Yiuf but does no damage.
Your hound closely misses Crazy Yiuf.
Crazy Yiuf closely misses your hound.
Your hound bites Crazy Yiuf.
Crazy Yiuf closely misses your hound.
Your hound bites Crazy Yiuf but does no damage.
Your hound bites Crazy Yiuf.
Crazy Yiuf laughs, "Aardvark!"
Crazy Yiuf hits your hound with a +2 quarterstaff of chaos!
Crazy Yiuf drains your hound.
Your hound dies!
Your hound's corpse disappears in a puff of smoke!
You swap places.
Something hits your guardian golem.
Your guardian golem is unaffected.
Crazy Yiuf hits your guardian golem with a +2 quarterstaff of chaos.
Crazy Yiuf hits your guardian golem with a +2 quarterstaff of chaos.
Crazy Yiuf hits your guardian golem with a +2 quarterstaff of chaos!
Crazy Yiuf freezes your guardian golem.
Your guardian golem overheats!
Crazy Yiuf hits your guardian golem with a +2 quarterstaff of chaos!
Your guardian golem disappears in a puff of smoke!
Your guardian golem explodes!
The tree burns like a torch!
The fiery explosion engulfs Crazy Yiuf!
Crazy Yiuf dies!
Your Summonings skill increases to level 6!
The forest fire spreads! x2
The forest fire spreads!
The forest fire spreads!
The forest fire spreads!
The forest fire spreads!
You are engulfed in blazing flames.
Ouch! That really hurt!
You die...

#....## #.......
####..# ###.....
##.# #..... #(# ##
###... #.#### .♣
#...
#....####♣♣§♣♣
#...
####..##...§○♣♣♣
### #...
##......§§§.♣#...#
#...
#....@§§§§♣.'...#
#...
##.#.°§§.♣♣♣#..)#
#### ####♣♣°♣♣ ###
♣♣


There were no monsters in sight!

Vanquished Creatures
  A giant cockroach (D:2)
  A ball python (D:2)
2 creatures vanquished.

Vanquished Creatures (collateral kills)
  3 adders (D:2)
  A worm (D:2)
  5 endoplasms
  2 goblins (D:2)
  4 hobgoblins
  2 quokkas (D:2)
  A ball python (D:2)
  A bat (D:2)
  3 frilled lizards
  4 kobolds
  A rat (D:2)
27 creatures vanquished.

Vanquished Creatures (others)
  Crazy Yiuf (D:2)
1 creature vanquished.

Grand Total: 30 creatures vanquished

Notes
Turn   | Place    | Note
-------+----------+-------------------------------------------
     0 | D:1      | cforsyth the Tengu Summoner began the quest for the Orb.
     0 | D:1      | Reached XP level 1. HP: 10/10 MP: 4/4
   223 | D:1      | Reached skill level 5 in Summonings
   276 | D:1      | You fall into a shaft and drop 1 floor!
   296 | D:2      | Reached XP level 2. HP: 15/15 MP: 4/6
   335 | D:2      | Found a runed translucent door.
   336 | D:2      | Noticed Crazy Yiuf
   593 | D:2      | Learned a level 2 spell: Call Imp
   739 | D:2      | Reached XP level 3. HP: 19/19 MP: 8/8
   743 | D:2      | Learned a level 3 spell: Call Canine Familiar
   751 | D:2      | Identified the +10 short sword "Foichuklo" {flame, Str+4
                  | Int+3}
  1096 | D:2      | Reached XP level 4. HP: 24/24 MP: 4/9
  1354 | D:2      | Learned a level 3 spell: Summon Guardian Golem
  1376 | D:2      | Killed Crazy Yiuf
  1377 | D:2      | Reached skill level 6 in Summonings
  1392 | D:2      | Engulfed by their own flame

Illustrated notes

Levels and vault maps discovered:
D:1:      dpeg_arrival_signposts, layout_loops_ring
D:2:      cheibrodos_old_hovel, layout_basic, uniq_crazy_yiuf_cottage

Skill      XL: |  1  2  3  4 |
---------------+-------------+-----
Summonings     | 5 6 |  6.0
Spellcasting   | 3 |  3.3
Dodging        | |  2.1
Stealth        | |  2.0

Action                     |  1- 3 |  4- 6 || total
---------------------------+-------+-------++-------
  Melee: Unarmed           |     9 |       ||     9
         Peck              |     3 |       ||     3
         Kick              |     1 |       ||     1
   Cast: Summon Small Mamm |    35 |     2 ||    37
         Call Imp          |     3 |     1 ||     4
         Call Canine Famil |     2 |     1 ||     3
         Summon Guardian G |       |     1 ||     1
 Armour: Robe              |    14 |       ||    14
  Dodge: Dodged            |    56 |       ||    56

Table legend: (Time is in decaauts)
 A = Elapsed time spent in this place.
 B = Non-inter-level travel time spent in this place.
 C = Inter-level travel time spent in this place.
 D = Time resting spent in this place.
 E = Time spent auto-exploring this place.
 F = Levels seen in this place.
 G = Mean time per level.
                   A        B        C        D        E       F      G
               +--------+--------+--------+--------+--------+-----+--------+
         Total |   1391 |   1391 |      0 |      0 |    940 |   2 |  695.5 |
       Dungeon |   1391 |   1391 |      0 |      0 |    940 |   2 |  695.5 |
               +--------+--------+--------+--------+--------+-----+--------+

Top non-repeatable levels by time:
     D:2: 1115 daAuts
     D:1: 276 daAuts
